 Dungeon Crawl Stone Soup version 0.19.1-1-g22dce08 (webtiles) character file.

33258 dngmouse the Severer (level 13, 0/124 HPs)
             Began as a Minotaur Fighter on Jan 16, 2017.
             Was a High Priest of Okawaru.
             Slain by an orc warrior
             ... wielding a +0 flail
              (18 damage)
             ... on level 2 of the Orcish Mines.
             The game lasted 00:53:02 (12664 turns).

dngmouse the Severer (Minotaur Fighter)            Turns: 12664, Time: 00:53:03

Health: 0/124      AC: 25    Str: 25    XL:     13   Next: 35%
Magic:  18/18      EV:  8    Int:  5    God:    Okawaru [*****.]
Gold:   979        SH:  0    Dex: 13    Spells: 0 memorised, 12 levels left

rFire  . . .     SeeInvis +     R - +10 battleaxe of the Unkillable {pain, *Contam rElec Str+2}
rCold  . . .     Gourm    .     X - +2 crystal plate armour
rNeg   . . .     Faith    .     (shield currently unavailable)
rPois  .         Spirit   .     O - +2 hat {SInv}
rElec  +         Reflect  .     k - +0 cloak
rCorr  .         Harm     .     x - +0 pair of gloves
MR     .....                    r - +0 pair of boots
Stlth  ..........               V - amulet of regeneration
                                P - +2 ring of evasion
                                S - +2 ring of evasion

@: confused
A: retaliatory headbutt, horns 2
a: Heroism, Finesse, Renounce Religion


You were on level 2 of the Orcish Mines.
You worshipped Okawaru.
Okawaru was extremely pleased with you.
You were not hungry.

You visited 3 branches of the dungeon, and saw 15 of its levels.
You also visited: Labyrinth.

You collected 1483 gold pieces.
You spent 504 gold pieces at shops.

Inventory:

Hand Weapons
 J - the +6 broad axe of the Tooth {chop, *Rage rPois Dex+2}
   (You found it on level 8 of the Dungeon)

   It inflicts extra damage upon your enemies.
   It affects your dexterity (+2).
   It protects you from poison.
   It may make you go berserk in combat.
 R - the +10 battleaxe of the Unkillable (weapon) {pain, *Contam rElec Str+2}
   (Okawaru gifted it to you on level 2 of the Orcish Mines)

   In the hands of one skilled in necromantic magic, it inflicts extra damage on
   living creatures.
   It affects your strength (+2).
   It insulates you from electricity.
   It causes magical contamination when unequipped.
Armour
 c - a +0 shield
 k - a +0 cloak (worn)
 r - a +0 pair of boots (worn)
 x - a +0 pair of gloves (worn)
 M - a +2 plate armour of cold resistance
 O - a +2 hat of see invisible (worn)
 X - a +2 crystal plate armour (worn)
Rods
 U - a +3 rod of ignition (10/10)
   (You took it off a minotaur in a labyrinth)
Jewellery
 j - an uncursed amulet of rage
 P - a +2 ring of evasion (right hand)
 S - a +2 ring of evasion (left hand)
 V - an amulet of regeneration (around neck)
Wands
 a - a wand of lightning (4/15)
 l - a wand of acid (4/15)
 o - a wand of acid (5/15)
 z - a wand of disintegration (13/24)
 L - a wand of flame (38/48)
 Q - a wand of lightning (4/15)
 T - a wand of polymorph (15/24)
 Y - a wand of confusion (25/48)
 Z - a wand of confusion (19/48)
Scrolls
 g - 7 scrolls of teleportation
 h - 2 scrolls of amnesia
 n - 9 scrolls of remove curse
 q - 7 scrolls of identify
 t - 2 scrolls of enchant armour {unknown}
 v - a scroll of random uselessness {unknown}
 y - 2 scrolls of recharging
 C - 2 scrolls of blinking
 D - 4 scrolls of fog {unknown}
 F - a scroll of magic mapping {unknown}
 I - 2 scrolls of immolation {unknown}
 K - 2 scrolls of brand weapon
 W - 2 scrolls of enchant weapon {unknown}
Potions
 b - 2 potions of heal wounds
 d - a potion of might
 e - a potion of ambrosia
 p - a potion of lignification
 s - a potion of curing
 u - a potion of cancellation
 E - 3 potions of flight
 H - a potion of haste
Comestibles
 f - 12 bread rations
 m - 10 meat rations
 w - 5 beef jerkies
 G - 3 chunks of flesh
 N - 9 royal jellies


   Skills:
 * Level 14.1 Fighting
 - Level 19.4 Axes
 + Level 5.7 Armour
 - Level 3.6 Shields
 + Level 8.0 Invocations


You had 12 spell levels left.
You didn't know any spells.

Dungeon Overview and Level Annotations

Branches:
Dungeon (12/15)            Temple (1/1) D:7            Lair (0/6) D:9
    Orc (2/2) D:12            Elf (0/3) Orc:2

Altars:
Ashenzari
Cheibriados
Dithmenos
Elyvilon
Fedhas
Gozag
Hepliaklqana
Kikubaaqudgha
Makhleb
Nemelex Xobeh
Okawaru
Qazlal
Ru
Sif Muna
Trog
Uskayaw
Vehumet
Xom
Yredelemnul
Zin
The Shining One
Beogh

Shops:
D:5 ?   D:12 (:(   Orc:2 !?


Innate Abilities, Weirdness & Mutations

You reflexively headbutt those who attack you in melee.
You have a pair of horns on your head.


Message History

You hit the orc warrior.
The orc warrior is almost dead.
You slash the orc warrior!
You feel like a meek peon again. The orc warrior hits you with a flail.
* * * LOW HITPOINT WARNING * * *
The orc wizard casts a spell.
The orc wizard blinks!
The orc warrior closely misses you.
You are too injured to fight recklessly!
You are confused.
You feel invigorated.
The orc knight complains loudly, in orcish tradition.
The orc warrior barely misses you.
The orc warrior hits you from afar with a trident!!
* * * LOW HITPOINT WARNING * * *
You bump into the stone wall.
The orc warrior no longer looks unusually strong. x2
The orc wizard no longer looks unusually strong.
The orc warrior hits you with a flail!!
You die...

##..## #....
##..# ###...
##....# ##......
#......# ######
#.......
##..)@#####
#.......
##..##oo...#
##......
#..##.ooo...#
#......#
##.##...##.#o∩#
#.......
#..##..## .# .#
#......#
#####.##.o. .
#...#...
##..##.##... .#
#....... ###
#...##.##... .
#.......
#.###...##.#####.
.# #.......


You could see an orc knight, 3 orc warriors, an orc priest and 2 orc wizards.

Vanquished Creatures
  Donald (Orc:2)
  Nessos (Orc:2)
  Snorg (D:10)
  A minotaur (Lab)
  3 orc high priests (Orc:2)
  A hill giant (D:10)
  5 orc knights
  5 orc sorcerers (Orc:2)
  3 ugly things (D:12)
  3 wolf spiders (Orc:1)
  9 deep elf magi (Orc:2)
  A manticore (D:10)
  A cyclops (D:8)
  Maurice (D:12)
  2 centaur zombies (D:12)
  A gargoyle (D:10)
  Psyche (D:8)
  3 spiny frogs (D:9)
  3 kobold demonologists (D:12)
  A two-headed ogre (D:8)
  3 hornets (D:9)
  3 trolls
  Grinder (D:3)
  6 hippogriffs
  2 slime creatures
  2 shadows
  7 yaks
  2 wyverns
  Sigmund (D:5)
  A tarantella (Orc:1)
  A wraith (D:9)
  A hungry ghost (D:11)
  A steam dragon (D:9)
  Menkaure (D:5)
  A water moccasin (D:11)
  15 orc warriors
  A black bear (D:10)
  4 ice beasts
  6 sky beasts
  A hornet zombie (D:10)
  2 eyes of draining
  9 ogres
  4 centaurs
  A phantom (D:7)
  2 crocodiles
  3 big kobolds
  Blork the orc (D:5)
  7 bullfrogs
  2 scorpions
  2 howler monkeys (D:8)
  7 crimson imps
  A bullfrog zombie (D:8)
  2 quasits
  4 hounds
  2 jellies
  11 orc priests
  4 iguanas
  14 orc wizards
  Jessica (D:2)
  2 centaur skeletons (D:8)
  Natasha (twice) (D:3)
  5 worker ants
  2 hound zombies
  Robin (D:3)
  8 gnolls
  A worker ant zombie (D:8)
  12 adders
  A howler monkey skeleton (D:11)
  4 shadow imps
  A white imp (D:4)
  2 adder zombies (D:6)
  3 worms
  3 adder skeletons
  3 dart slugs
  A leopard gecko (D:3)
  50 orcs
  4 ball pythons
  4 giant cockroaches
  14 goblins
  9 hobgoblins
  7 jackals
  2 quokkas
  4 bats
  13 frilled lizards
  A goblin skeleton (D:4)
  2 goblin zombies (D:4)
  4 hobgoblin zombies (D:4)
  17 kobolds
  3 kobold skeletons (D:4)
  A kobold zombie (D:4)
  A leopard gecko zombie (D:8)
  An orc skeleton (D:4)
  An orc zombie (D:4)
  A quokka skeleton (D:5)
  6 rats
382 creatures vanquished.

Notes
Turn   | Place    | Note
-------+----------+-------------------------------------------
     0 | D:1      | dngmouse the Minotaur Fighter began the quest for the Orb.
     0 | D:1      | Reached XP level 1. HP: 19/19 MP: 0/0
   193 | D:1      | Reached skill level 3 in Axes
   328 | D:1      | Reached XP level 2. HP: 27/27 MP: 1/1
   888 | D:2      | Reached XP level 3. HP: 32/33 MP: 2/2
   926 | D:2      | Found a shadowy altar of Dithmenos.
   932 | D:2      | Reached skill level 4 in Axes
   984 | D:2      | Noticed Jessica
   991 | D:2      | HP: 1/33 [worm (6)]
  1011 | D:2      | Killed Jessica
  1011 | D:2      | Reached XP level 4. HP: 28/41 MP: 3/3
  1517 | D:3      | Noticed Robin
  1531 | D:3      | Reached skill level 5 in Axes
  1539 | D:3      | Killed Robin
  1565 | D:3      | Found a hide-covered altar of Uskayaw.
  1633 | D:3      | Reached skill level 5 in Fighting
  1724 | D:3      | Found a sacrificial altar of Ru.
  1726 | D:3      | Reached XP level 5. HP: 48/48 MP: 4/4
  1783 | D:3      | Noticed Natasha
  1789 | D:3      | Killed Natasha
  1804 | D:3      | Noticed Natasha
  1809 | D:3      | Killed Natasha
  1888 | D:3      | Reached skill level 6 in Axes
  1943 | D:3      | Noticed a centaur
  1955 | D:3      | Killed a centaur
  1955 | D:3      | Reached XP level 6. HP: 46/56 MP: 5/5
  1960 | D:3      | Noticed Grinder
  1969 | D:3      | Killed Grinder
  1969 | D:3      | Reached skill level 8 in Axes
  2308 | D:4      | Reached XP level 7. HP: 61/61 MP: 6/6
  2644 | D:4      | Reached skill level 9 in Axes
  2670 | D:4      | Found a glowing golden altar of the Shining One.
  3176 | D:5      | Entered Level 5 of the Dungeon
  3178 | D:5      | Noticed Sigmund
  3188 | D:5      | Killed Sigmund
  3385 | D:5      | Noticed Menkaure
  3396 | D:5      | Killed Menkaure
  3396 | D:5      | Reached skill level 10 in Axes
  3437 | D:5      | Found Vuasm's Magic Scroll Boutique.
  3442 | D:5      | Bought a scroll of recharging for 114 gold pieces
  3464 | D:5      | Noticed a hippogriff
  3478 | D:5      | Killed a hippogriff
  3478 | D:5      | Reached skill level 11 in Axes
  3478 | D:5      | Reached XP level 8. HP: 47/68 MP: 7/7
  3562 | D:5      | Found a deep blue altar of Sif Muna.
  3826 | D:5      | Noticed Blork the orc
  3837 | D:5      | Killed Blork the orc
  3902 | D:5      | Reached skill level 12 in Axes
  3971 | D:5      | Found a glowing silver altar of Zin.
  4218 | D:5      | Bought a scroll of blinking for 90 gold pieces
  4295 | D:6      | Found a blossoming altar of Fedhas.
  4512 | D:6      | Found a blossoming altar of Fedhas.
  4693 | D:6      | Reached skill level 13 in Axes
  4703 | D:6      | Found a white marble altar of Elyvilon.
  5162 | D:7      | Reached XP level 9. HP: 73/74 MP: 8/8
  5484 | D:7      | Found a staircase to the Ecumenical Temple.
  5505 | Temple   | Entered the Ecumenical Temple
  5571 | Temple   | Became a worshipper of Warmaster Okawaru
  5994 | D:8      | Reached skill level 14 in Axes
  6015 | D:8      | Found a sparkling altar of Nemelex Xobeh.
  6126 | D:8      | Reached * piety under Okawaru
  6126 | D:8      | Reached skill level 15 in Axes
  6314 | D:8      | Noticed a cyclops
  6330 | D:8      | Killed a cyclops
  6345 | D:8      | Got a twisted broad axe
  6361 | D:8      | Identified the +6 broad axe of the Tooth {chop, *Rage rPois Dex+2} (You found it on level 8 of the Dungeon)
  6401 | D:8      | Reached XP level 10. HP: 38/81 MP: 9/9
  6515 | D:8      | Reached ** piety under Okawaru
  6515 | D:8      | Reached skill level 16 in Axes
  6543 | D:8      | Found a stormy altar of Qazlal.
  6566 | D:8      | Noticed Psyche
  6573 | D:8      | Killed Psyche
  6631 | D:8      | Got a warped flail
  6636 | D:8      | Identified the +0 flail of Nobe {crush, *Drain rF+ Stlth+} (You found it on level 8 of the Dungeon)
  7018 | D:8      | Found a glowing golden altar of the Shining One.
  7088 | D:9      | Found a white marble altar of Elyvilon.
  7101 | D:9      | Noticed a spiny frog
  7102 | D:9      | Noticed a spiny frog
  7115 | D:9      | Killed a spiny frog
  7115 | D:9      | Reached *** piety under Okawaru
  7116 | D:9      | Noticed a spiny frog
  7121 | D:9      | Killed a spiny frog
  7121 | D:9      | Reached skill level 17 in Axes
  7123 | D:9      | Killed a spiny frog
  7169 | D:9      | Found a staircase to the Lair.
  7493 | D:9      | Reached **** piety under Okawaru
  7591 | D:9      | Found a faded altar of an unknown god.
  7591 | D:9      | Found a faded altar of an unknown god.
  7596 | D:9      | Found a hazy altar of Hepliaklqana.
  7598 | D:9      | Found a faded altar of an unknown god.
  7600 | D:9      | Found a faded altar of an unknown god.
  7717 | D:9      | Reached skill level 18 in Axes
  7796 | D:9      | Reached XP level 11. HP: 86/86 MP: 10/10
  7836 | D:10     | Entered Level 10 of the Dungeon
  8241 | D:10     | Noticed Snorg
  8249 | D:10     | Killed Snorg
  8249 | D:10     | Reached ***** piety under Okawaru
  8249 | D:10     | Reached skill level 19 in Axes
  8779 | D:10     | Noticed a hill giant
  8788 | D:10     | Killed a hill giant
  8788 | D:10     | Received a gift from Okawaru
  9052 | D:11     | Reached skill level 1 in Invocations
  9170 | D:11     | Found a labyrinth entrance.
  9237 | Lab      | Entered a labyrinth
  9918 | Lab      | Noticed a minotaur
  9931 | Lab      | Killed a minotaur
 10200 | D:11     | Gained mutation: Your spells are a little easier to cast, but a little less powerful. [potion of mutation]
 10200 | D:11     | Gained mutation: Your natural rate of healing is unusually fast. [potion of mutation]
 10200 | D:11     | Gained mutation: You tend to lose your temper in combat. [potion of mutation]
 10251 | D:11     | Lost mutation: You tend to lose your temper in combat. [potion of cure mutation]
 10251 | D:11     | Lost mutation: Your spells are a little easier to cast, but a little less powerful. [potion of cure mutation]
 10251 | D:11     | Lost mutation: Your natural rate of healing is unusually fast. [potion of cure mutation]
 10501 | D:12     | Found a staircase to the Orcish Mines.
 10544 | D:12     | Noticed a red ugly thing
 10546 | D:12     | Noticed a red ugly thing
 10547 | D:12     | Noticed a cyan ugly thing
 10556 | D:12     | Killed a cyan ugly thing
 10558 | D:12     | Killed a red ugly thing
 10559 | D:12     | Killed a red ugly thing
 10560 | D:12     | Found Liocseq's Weapon Emporium.
 10668 | D:12     | Noticed a soul eater
 10730 | D:12     | Found Xod Valibrit's Book Shop.
 10744 | D:12     | Found Weaprial's Antique Weapon Boutique.
 10774 | D:12     | Reached XP level 12. HP: 102/104 MP: 14/14
 11258 | D:12     | Reached skill level 10 in Fighting
 11391 | Orc:1    | Entered Level 1 of the Orcish Mines
 11391 | Orc:1    | Found a bloodstained altar of Trog.
 11391 | Orc:1    | Noticed Maurice
 11405 | D:12     | Killed Maurice
 11505 | Orc:1    | Reached skill level 5 in Invocations
 12002 | Orc:2    | Entered Level 2 of the Orcish Mines
 12007 | Orc:2    | Noticed Donald
 12173 | Orc:2    | Killed Donald
 12241 | Orc:2    | Found a roughly hewn altar of Beogh.
 12346 | Orc:2    | Received a gift from Okawaru
 12351 | Orc:2    | Reached ****** piety under Okawaru
 12352 | Orc:2    | Got a transparent battleaxe {god gift}
 12393 | Orc:2    | Reached XP level 13. HP: 122/122 MP: 17/17
 12402 | Orc:2    | Found Kyzonoi's Magic Scroll Boutique.
 12411 | Orc:2    | Identified the +10 battleaxe of the Unkillable {pain, *Contam rElec Str+2} (Okawaru gifted it to you on level 2 of the Orcish Mines)
 12420 | Orc:2    | Bought a scroll of brand weapon for 300 gold pieces
 12425 | Orc:2    | Found a staircase to the Elven Halls.
 12450 | Orc:2    | Noticed Nessos
 12461 | Orc:2    | Killed Nessos
 12624 | Orc:2    | Found Rajar's Distillery.
 12637 | Orc:2    | Reached skill level 5 in Armour
 12647 | Orc:2    | Received a gift from Okawaru
 12664 | Orc:2    | Slain by an orc warrior

Skill      XL: |  1  2  3  4  5  6  7  8  9 10 11 12 13 |
---------------+----------------------------------------+-----
Axes           | 3 4 5 6 8 11 13 15 18 19 | 19.4
Fighting       | 4 5 9 13 14 | 14.1
Invocations    | 4 7 8 |  8.0
Armour         | 4 5 |  5.7
Shields        | |  3.6

Action                   |  1- 3 |  4- 6 |  7- 9 | 10-12 | 13-15 || total
-------------------------+-------+-------+-------+-------+-------++-------
Melee: War axe           |    92 |   122 |   334 |       |       ||   548
       Headbutt          |    14 |    18 |    64 |    96 |    14 ||   206
       Broad axe         |       |       |     7 |   465 |       ||   472
       Battleaxe         |       |       |       |       |    57 ||    57
Invok: Heroism           |       |       |     1 |     5 |     2 ||     8
       Finesse           |       |       |       |     2 |     1 ||     3
 Abil: Evoke Berserk Rag |       |       |     4 |     1 |       ||     5
Evoke: Wand              |       |       |       |     1 |       ||     1
  Use: Potion            |     1 |       |       |    12 |     3 ||    16
       Scroll            |       |       |     3 |     6 |       ||     9
 Stab: Invisible         |       |       |       |       |     2 ||     2
  Eat: Chunk             |       |     5 |    15 |    18 |     1 ||    39
       Fruit             |       |       |     2 |       |       ||     2
       Beef jerky        |       |       |       |     3 |       ||     3
Armor: Scale mail        |    20 |       |       |       |       ||    20
       Plate armour      |    25 |    91 |   183 |    69 |       ||   368
       Crystal plate arm |       |       |       |   130 |    21 ||   151
       Skin              |       |       |       |     5 |       ||     5
Dodge: Dodged            |    16 |    36 |    46 |    58 |    23 ||   179
Block: Shield            |    49 |    70 |   139 |   157 |       ||   415
